Map: 아크로폴리스 - 래더

Players

Bunny

  • Race: Terran Terran
  • Spawn Location: 5:00

llllllllllll (Stats) - Winner!

  • Race: Protoss Protoss
  • League: Master
  • Spawn Location: 11:00

Event: HomeStory Cup XX

VOD

Have the link to the VOD?

Description

Time

  • Played on: Nov. 22, 2019, 8:15 a.m.
  • Length: 10:59

All games in this series

Show
View Real Time Build Order
Export as new Build Order

Bunny Terran 

Build Orders: Reaper Expand 

Get SALT Encoding   

  12  0:00  SCV  
  13  0:13  SCV  
  14  0:16  Supply Depot  
  14  0:25  SCV  
  15  0:38  SCV  
  15  0:40  Barracks  
  16  0:44  Refinery  
  16  0:50  SCV  
  17  1:02  SCV  
  18  1:14  SCV  
  19  1:27  Orbital Command, Reaper  
  20  1:43  Command Center  
  20  1:53  Supply Depot, SCV  
  21  1:59  Marine  
  22  2:05  SCV  
  23  2:10  Factory  
  23  2:17  SCV  
  23  2:21  Barracks Reactor  
  24  2:29  SCV  
  25  2:35  Refinery  
  25  2:41  SCV  
  26  2:53  SCV  
  26  2:55  Widow Mine  
  29  3:00  Marine x2  
  29  3:04  Orbital Command  
  29  3:05  Starport, SCV  
  32  3:16  Widow Mine  
  32  3:18  Marine x2, SCV  
  37  3:30  SCV x2  
  39  3:34  Command Center  
  39  3:41  Widow Mine  
  41  3:42  SCV x2  
  41  3:46  Viking  
  45  3:52  Supply Depot  
  45  3:54  SCV  
  46  3:57  Bunker  
  46  4:02  Factory Tech Lab  
  46  4:13  Marine x2, SCV x2  
  50  4:21  Siege Tank  
  53  4:25  SCV  
  53  4:30  Barracks  
  54  4:32  Barracks  
  54  4:34  SCV  
  54  4:44  Refinery x2, Engineering Bay x2  
  54  4:46  SCV x2  
  54  4:47  Orbital Command  
  54  4:49  Starport Reactor  
  56  4:58  SCV x2  
  58  5:01  Marine  
  58  5:02  Marine, Factory Tech Lab  
  58  5:04  Supply Depot  
  60  5:09  Terran Infantry Weapons Level 1  
  60  5:12  Terran Infantry Armor Level 1  
  60  5:14  SCV  
  60  5:15  SCV x2  
  60  5:19  Missile Turret  
  63  5:23  Missile Turret  
  63  5:26  SCV  
  63  5:27  SCV x2  
  66  5:31  Supply Depot, Stimpack  
  66  5:32  Combat Shield  
  66  5:38  Marauder x2  
  66  5:39  Marine x2  
  72  5:44  Medivac  
  72  5:45  Medivac  
  74  5:56  Widow Mine  
  74  5:58  Barracks x2  
  74  6:02  SCV x2  
  74  6:03  Marauder x2  
  80  6:07  Marine x2, Orbital Command  
  80  6:09  Missile Turret  
  82  6:14  SCV x2  
  82  6:18  Medivac x2  
  85  6:28  SCV  
  85  6:30  Supply Depot  
  85  6:37  Missile Turret  
  85  6:38  Supply Depot  
  85  6:40  SCV x2  
  85  6:41  SCV  
  85  6:46  Armory  
  88  6:50  Marauder x2  
  88  6:51  Barracks Tech Lab, Barracks Reactor  
  88  6:52  SCV  
  88  6:54  Marine x2  
  92  6:56  SCV x2  
  92  6:58  Viking  
  94  7:03  Viking  
  94  7:04  SCV  
  94  7:08  SCV  
  92  7:13  SCV  
  93  7:16  SCV  
  93  7:20  Refinery, SCV  
  93  7:22  Refinery  
  95  7:25  Command Center  
  95  7:26  SCV  
  95  7:28  SCV  
  97  7:31  Marauder x2  
  97  7:32  Marauder, SCV  
  104  7:38  Terran Infantry Weapons Level 2, Terran Infantry Armor Level 2  
  104  7:43  Terran Ship Weapons Level 1  
  104  7:47  SCV x2  
  104  7:48  SCV  
  109  7:56  Supply Depot  
  109  7:57  Supply Depot x2  
  109  7:58  Liberator x2  
  100  8:07  Command Center  
  100  8:08  SCV x3  
  107  8:22  SCV x3  
  107  8:26  Sensor Tower  
  110  8:28  Marauder x2  
  110  8:30  Marauder, Marine  
  110  8:32  Marine  
  110  8:34  Marine x2  
  120  8:43  Starport, Fusion Core, Liberator x2  
  120  8:45  SCV  
  120  8:46  SCV  
  120  8:48  Marine, SCV  
  124  8:57  Orbital Command  
  124  8:58  SCV x2  
  124  9:00  SCV  
  132  9:09  Supply Depot  
  135  9:17  Marauder x3  
  135  9:19  Marine x4  
  138  9:26  Liberator x2  
  138  9:27  SCV  
  138  9:28  SCV x2  
  136  9:33  Concussive Shells  
  136  9:37  Marine x2  
  136  9:38  Marauder x2, Orbital Command  
  133  9:44  Starport Reactor  
  123  9:55  Marauder  
  123  9:59  Marauder  
  127  10:07  Refinery  
  127  10:08  Refinery  
  127  10:09  SCV x3  
  127  10:10  SCV  
  131  10:18  Marauder x2, Marine x3  
  131  10:19  Marine  
  131  10:21  Marauder  
  105  10:36  Marine x4  
Show
View Real Time Build Order
Export as new Build Order

llllllllllll Protoss - Winner!

Build Orders: 1 Gate Expand, Phoenix Opening, Colossus Rush 

Get SALT Encoding   

  12  0:00  Probe  
  13  0:12  Probe  
  14  0:17  Pylon  
  14  0:23  Probe  
  15  0:31  Probe  
  15  0:37  Gateway  
  15  0:39  Probe  
  16  0:45  Assimilator  
  17  0:51  Probe  
  18  1:03  Probe  
  19  1:15  Probe  
  20  1:21  Nexus  
  20  1:32  Cybernetics Core  
  20  1:34  Probe  
  21  1:40  Assimilator  
  21  1:46  Probe  
  22  1:51  Pylon  
  22  1:59  Adept, Probe  
  23  2:11  Probe  
  26  2:16  Stargate  
  26  2:23  Warp Gate, Probe  
  26  2:29  Adept  
  29  2:30  Probe  
  29  2:31  Probe  
  31  2:38  Probe  
  31  2:39  Probe  
  33  2:48  Probe  
  33  2:49  Probe  
  34  2:56  Phoenix  
  35  3:00  Probe  
  35  3:01  Probe  
  39  3:12  Pylon, Probe  
  40  3:13  Probe  
  40  3:14  Phoenix  
  41  3:21  Gateway  
  41  3:24  Probe  
  41  3:25  Probe  
  45  3:28  Gateway  
  45  3:36  Probe  
  45  3:37  Probe  
  45  3:39  Phoenix  
  49  3:45  Robotics Facility  
  49  3:48  Probe  
  49  3:50  Assimilator, Probe  
  49  3:52  Pylon  
  49  3:55  Assimilator  
  51  4:00  Probe  
  51  4:02  Probe  
  53  4:11  Phoenix  
  53  4:13  Probe  
  53  4:14  Probe  
  57  4:25  Probe  
  57  4:26  Probe  
  57  4:30  Nexus  
  57  4:31  Pylon  
  59  4:32  Robotics Bay  
  59  4:34  Observer  
  60  4:39  Pylon  
  60  4:40  Phoenix  
  62  4:49  Probe x2  
  64  4:57  Pylon  
  64  4:59  Forge  
  64  5:01  Observer, Probe x2  
  67  5:10  Colossus  
  67  5:13  Probe x2  
  69  5:15  Protoss Ground Weapons Level 1  
  69  5:19  Extended Thermal Lance  
  69  5:24  Probe  
  69  5:25  Probe  
  77  5:33  Probe x2  
  77  5:34  Gateway x2  
  77  5:41  Probe x2  
  79  5:48  Colossus  
  81  5:51  Probe x2  
  81  5:52  Probe  
  81  5:55  Assimilator  
  84  5:57  Assimilator  
  84  6:00  Forge  
  84  6:02  Twilight Council  
  84  6:03  Probe x2  
  92  6:05  Probe  
  93  6:21  Probe x3  
  96  6:33  Protoss Ground Armor Level 1  
  96  6:34  Gateway  
  96  6:37  Gateway  
  96  6:39  Charge  
  96  6:43  Gateway  
  96  6:45  Pylon x2  
  96  6:46  Pylon x2  
  96  6:47  Colossus  
  96  6:48  Robotics Facility  
  96  7:07  Nexus  
  102  7:08  Pylon  
  102  7:21  Pylon, Stalker x3  
  102  7:22  Sentry x2  
  112  7:24  Pylon  
  112  7:27  Protoss Ground Weapons Level 2  
  112  7:28  Gravitic Drive  
  112  7:37  Warp Prism  
  112  7:39  Disruptor  
  117  7:47  Pylon  
  117  7:50  Stalker x4, Zealot x4  
  133  7:56  Pylon  
  133  7:58  Pylon  
  133  7:59  Pylon  
  133  8:16  Probe x3  
  133  8:17  Disruptor x2  
  138  8:20  Gateway  
  138  8:22  Dark Shrine  
  138  8:27  Blink  
  138  8:28  Probe x3  
  138  8:30  Probe  
  138  8:32  Pylon  
  142  8:39  Stalker x4  
  142  8:40  Zealot x4  
  158  8:43  Pylon  
  158  8:48  Pylon  
  158  8:49  Probe x4  
  160  9:01  Disruptor x2  
  166  9:05  Zealot x8  
  180  9:28  Stalker  
  180  9:29  Stalker x7  
  186  9:44  Disruptor x2  
  188  9:54  Zealot x6  
  200  10:00  Assimilator  
  200  10:01  Assimilator  
  200  10:04  Nexus  
  200  10:05  Pylon  
  200  10:13  Gateway  
  200  10:14  Gateway  
  200  10:17  Gateway  
  200  10:20  Gateway  
  117  10:51  Stalker x7  
  117  10:52  Stalker  
  117  10:54  Sentry  
Tags
 
Add a new tag
Caveats
  • Supply blocks, unpowered buildings, or Contaminate may cause inaccurate times.
  • Supply counts are checked every 10 seconds.